 Dungeon Crawl Stone Soup version 0.26.1-11-gd32895ea62 (webtiles) character file.

Game seed: 4191411142021341093

411 H0rd4k the Insei (level 6, -1/38 HPs)
             Began as an Octopode Transmuter on May 26, 2021.
             Slain by an adder (4 damage)
             ... on level 5 of the Dungeon.
             The game lasted 00:03:15 (5068 turns).

H0rd4k the Insei (Octopode Transmuter)              Turns: 5068, Time: 00:03:16

Health: -1/38      AC:  1    Str:  9    XL:     6   Next: 90%
Magic:  7/10       EV: 14    Int: 17    God:
Gold:   201        SH:  0    Dex: 13    Spells: 7/11 levels left

rFire    . . .     SeeInvis .     - Unarmed
rCold    . . .     Faith    .   (no shield)
rNeg     . . .     Spirit   .   (helmet restricted)
rPois    .         Reflect  .   (no amulet)
rElec    .         Harm     .   (no ring)
rCorr    .         Rampage  .   (no ring)
Will     .....                  (no ring)
Stlth    ++........             (no ring)
HPRegen  0.12/turn              (no ring)
MPRegen  0.12/turn              (no ring)
                                (no ring)
                                (no ring)

@: lethally poisoned (-1 -> -4), attractive, very slightly contaminated
A: almost no armour, stealthy swim, amphibious, 8 rings, constrict 8, camouflage
1, gelatinous body 1
a: no special abilities


You were on level 5 of the Dungeon.
You visited 1 branch of the dungeon, and saw 5 of its levels.

You collected 201 gold pieces.

Inventory:

Missiles
 i - 7 javelins
 l - a poisoned dart (quivered)
Scrolls
 d - a scroll of fear {unknown}
 e - 5 scrolls of identify {unknown}
 f - 4 scrolls of remove curse {unknown}
 g - 2 scrolls of teleportation {unknown}
 j - a scroll of fog {unknown}
 m - a scroll of amnesia {unknown}
 n - a scroll of blinking {unknown}
Potions
 a - a potion of brilliance {unknown}
 b - a potion of attraction
 c - a potion of haste {unknown}
 h - a potion of curing {unknown}
 k - a potion of heal wounds {unknown}
 o - a potion of ambrosia {unknown}


   Skills:
 + Level 1.5 Fighting
 + Level 3.0 Dodging
 - Level 0.4 Stealth
 + Level 5.3 Unarmed Combat
 * Level 3.0 Spellcasting
 * Level 3.1 Transmutations
 + Level 2.4 Poison Magic


You had 7 spell levels left.
You knew the following spells:

 Your Spells              Type           Power        Failure   Level
a - Beastly Appendage     Tmut           26%          4%          1
b - Spider Form           Tmut/Pois      6%           17%         3

Your spell library contained the following spells:

 Spells                   Type           Power        Failure   Level
 Wereblood                Tmut           13%          7%          2
 Ice Form                 Ice/Tmut       8%           65%         4
 Blade Hands              Tmut           6%           78%         5


Dungeon Overview and Level Annotations

Branches:
Dungeon (5/15)             Temple (0/1) D:4

Altars:
Ashenzari
Kikubaaqudgha


Innate Abilities, Weirdness & Mutations

You cannot wear most types of armour.
You are very stealthy in the water. (Stealth+)
You are amphibious.
You can wear up to eight rings at the same time.
You can use your tentacles to constrict eight enemies at once.
Your skin changes colour to match your surroundings (Stealth+).
Your rubbery body absorbs attacks. (AC +1, EV +1)


Message History

Found a scroll labelled FEBBOR LIOKH and 16 gold pieces.
An adder is nearby!
An adder is nearby!
An adder is nearby!
The adder hisses angrily.
Casting: Spider Form (quite dangerous; 17% risk of failure)
Confirm with . or Enter, or press ? or * to list all spells.
The spell is quite dangerous to cast (17% risk of failure)!
Continue anyway?
You miscast Spider Form.
You are very lightly contaminated with residual magic.
You feel incredibly sick!
You are poisoned.
* * * LOW HITPOINT WARNING * * *
x2 You feel sick.
You aren't carrying any items that you can evoke.
It was a potion of attraction.
You feel attractive to monsters.
* * * LOW HITPOINT WARNING * * *
You feel sick. The adder bites you.
You die...

#######+############
#..................?
#...................
#....S..............
############....@...........=..
....<.........######+####+#....
..............# ....
..............# $..
..............## ..
####.....(.......
#...<.........# #.............#
#...............#


You could see an adder.

Vanquished Creatures
  A bullfrog (D:2)
  A scorpion (D:3)
  A centaur zombie (D:5)
  An iguana (D:4)
  Terence (D:2)
  Natasha (twice) (D:4)
  2 worker ants (D:4)
  4 adders
  4 worms
  A dart slug (D:3)
  3 leopard geckos
  An orc (D:3)
  14 bats
  4 giant cockroaches
  9 goblins
  8 hobgoblins
  2 quokkas
  4 frilled lizards
  8 kobolds
  8 rats
79 creatures vanquished.

Notes
Turn   | Place    | Note
-------+----------+-------------------------------------------
     0 | D:1      | H0rd4k the Octopode Transmuter began the quest for the Orb.
     0 | D:1      | Reached XP level 1. HP: 13/13 MP: 3/3
   224 | D:1      | Reached XP level 2. HP: 18/18 MP: 5/5
  1123 | D:2      | Reached XP level 3. HP: 19/23 MP: 6/6
  1130 | D:2      | Learned a level 3 spell: Spider Form
  1561 | D:2      | Noticed a bullfrog
  1568 | D:2      | Killed a bullfrog
  1569 | D:2      | Reached skill level 4 in Unarmed Combat
  1569 | D:2      | Reached skill level 1 in Poison Magic
  1569 | D:2      | Reached XP level 4. HP: 5/28 MP: 7/7
  1898 | D:2      | Noticed Terence
  2403 | D:3      | Reached XP level 5. HP: 28/33 MP: 8/8
  3827 | D:2      | Killed Terence
  3828 | D:2      | Reached XP level 6. HP: 27/38 MP: 6/10
  4244 | D:4      | Reached skill level 5 in Unarmed Combat
  4287 | D:4      | Noticed Natasha
  4297 | D:4      | Killed Natasha
  4506 | D:4      | Found a staircase to the Ecumenical Temple.
  4549 | D:4      | Noticed Natasha
  4562 | D:4      | Killed Natasha
  4892 | D:4      | Found an ancient bone altar of Kikubaaqudgha.
  4939 | D:4      | Found a broken altar of Ashenzari.
  4943 | D:4      | Saw a vision of the Shoals and the Spider Nest.
  4943 | D:4      | Noticed a merfolk
  4943 | D:4      | Noticed a merfolk siren
  4943 | D:4      | Noticed a hornet
  4943 | D:4      | Noticed a redback
  4944 | D:4      | Noticed a redback
  4945 | D:4      | Noticed a sea snake
  5021 | D:5      | Entered Level 5 of the Dungeon
  5068 | D:5      | Slain by an adder

Illustrated notes

Levels and vault maps discovered:
D:1:      mrwooster_arrival_arrow, layout_basic, grunt_decor_resistance,
          chequers_serial_rivers_room_a, hex_large
D:2:      wad_crossroads, layout_loops_cross, uniq_terence
D:3:      layout_basic, minmay_quadrilaterals
D:4:      layout_rooms, marbit_many_paths, minmay_temple_entry_fiery,
          minmay_misc_feat_alley, grunt_ashenzari_visionary
          [grunt_ashenzari_visionary_shoals, grunt_ashenzari_visionary_spider],
          uniq_natasha
D:5:      layout_gridville, gammafunk_ghost_icy

Skill      XL: |  1  2  3  4  5  6 |
---------------+-------------------+-----
Unarmed Combat | 4 5 |  5.3
Poison Magic   | 1 2 |  2.4
Dodging        | 3 |  3.0
Transmutations | 3 |  3.1
Spellcasting   | 3 |  3.0
Fighting       | |  1.5
Stealth        | |  0.4

Action                   |  1- 3 |  4- 6 || total
-------------------------+-------+-------++-------
Melee: Unarmed           |    73 |   138 ||   211
       Constrict         |    23 |    28 ||    51
       Tentacles         |    17 |    18 ||    35
       Punch             |       |     5 ||     5
Throw: Javelin           |       |     1 ||     1
 Cast: Spider Form       |       |     7 ||     7
  Use: Potion            |       |     1 ||     1
 Stab: Sleeping          |     7 |    13 ||    20
Armor: Skin              |     3 |     9 ||    12
Dodge: Dodged            |    36 |    74 ||   110
